Cogmind - Beta 14 @@@ ROGUE MODE // 2024.09.06 @ 16:13:20 Player: Null_error Result: Destroyed by H-66 Slayer with Gauss Rifle Performance ------------- Evolutions (5) 2500 Regions Visited (12) 2400 Robots Destroyed (26) 130 Value Destroyed (974) 974 Prototype IDs (37) 740 Alien Tech Used (0) 0 Bonus (1354) 1354 TOTAL SCORE: 8098 Bonus ------- Follower Combat Kills 54 Aligned with FarCom 300 Met Warlord at Base 500 MAIN.C Attacked Warlord 500 Cogmind --------- Core Integrity 0/1000 Matter 300/300 Energy 61/450 System Corruption 0% Temperature Cool (7) Movement Walking (120) Location -5/Warlord Parts ------- > --- POWER (2) -------- (None) > --- PROPULSION (6) --- Carbon-fiber Leg Flexi-carbon Leg Flexi-carbon Leg Myomer Leg Backup Propulsion III > --- UTILITY (7) ------ Advanced Cooling System Energy Well Makeshift Trap Scanner Enhanced Optical Array Improved Signal Interpreter Transmission Jammer > --- WEAPON (2) ------- Vortex Rifle > --- INVENTORY (5) ---- Light Nuclear Core Light Angular Momentum Engine Vortex Shotgun (50) Vortex Catalyst Activator (10) Peak State ------------ > --- POWER ------------ Backup Power III Backup Power III > --- PROPULSION ------- Carbon-fiber Leg Flexi-carbon Leg Myomer Leg Backup Propulsion III Backup Propulsion III > --- UTILITY ---------- Advanced Cooling System Energy Well Makeshift Trap Scanner Enhanced Optical Array Improved Signal Interpreter Transmission Jammer Mapping Drone Bay > --- WEAPON ----------- Vortex Rifle > --- INVENTORY -------- Light Nuclear Core Light Angular Momentum Engine Vortex Shotgun Vortex Catalyst Activator [Rating: 73] Favorites ----------- Power Light Nuclear Core Engine Backup Power III Power Core Light Nuclear Core Propulsion Improved VTOL Module Leg Aluminum Leg Wheel Wheel Hover Unit Backup Propulsion III Flight Unit Improved VTOL Module Utility Improved Signal Interpreter Device Improved Heat Sink Storage Small Storage Unit Processor Improved Signal Interpreter Protection Hardened Heavy Armor Plating Weapon AWS/Thermal Energy Gun AWS/Thermal Energy Cannon Cooled Particle Cannon Ballistic Gun Light Assault Rifle Launcher Vortex Catalyst Activator Special Weapon Remote Datajack Impact Weapon Heavy Flail Build | -11 -10 -10 -10 -9 -8 -8 -7 -6 -5 -5 -5 -5 ------- Run | Yrd Mat Min Exi Min Mat Sto Fac Fac Fac Upp Upp War Slots Evolved 10 | . . . . . 4 . 2 2 2 . . . Power 1 | . . . . . 1 . . . . . . . Propulsion 4 | . . . . . 1 . 1 1 1 . . . Utility 5 | . . . . . 2 . 1 1 1 . . . Weapon . | . . . . . . . . . . . . . Parts Attached 130 | 6 4 9 4 . 6 35 25 15 5 5 5 11 Power 17 | 1 . 2 . . 1 6 2 4 . . 1 . Engine 8 | 1 . 1 . . . 2 2 2 . . . . Core 9 | . . 1 . . 1 4 . 2 . . 1 . Reactor . | . . . . . . . . . . . . . Propulsion 36 | 2 2 3 . . 3 13 3 3 1 1 1 4 Treads . | . . . . . . . . . . . . . Leg 11 | . . 3 . . 3 . . 1 . . . 4 Wheel 4 | 2 2 . . . . . . . . . . . Hover 3 | . . . . . . 3 . . . . . . Flight 18 | . . . . . . 10 3 2 1 1 1 . Utility 53 | 1 2 1 3 . 2 11 16 6 3 4 1 3 Device 38 | . 1 1 1 . 1 7 13 5 3 3 1 2 Storage 6 | 1 . . 2 . . 1 1 . . . . 1 Processor 7 | . 1 . . . . 3 2 1 . . . . Hackware . | . . . . . . . . . . . . . Protection 2 | . . . . . 1 . . . . 1 . . Artifact . | . . . . . . . . . . . . . Weapon 24 | 2 . 3 1 . . 5 4 2 1 . 2 4 Energy Gun 10 | 1 . . 1 . . . 2 1 . . 2 3 Energy Cannon 2 | . . . . . . . 1 1 . . . . Ballistic Gun 4 | 1 . 3 . . . . . . . . . . Ballistic Cannon . | . . . . . . . . . . . . . Launcher 3 | . . . . . . 2 . . . . . 1 Special Weapon 1 | . . . . . . . 1 . . . . . Impact Weapon 4 | . . . . . . 3 . . 1 . . . Slashing Weapon . | . . . . . . . . . . . . . Piercing Weapon . | . . . . . . . . . . . . . Special Melee Weapon . | . . . . . . . . . . . . . Unidentified Prototypes 14 | . . . . . . 6 1 4 . . . 3 Parts Lost 17 | . . 4 . . . 3 . . 2 3 1 4 Power 4 | . . . . . . 2 . . . . . 2 Propulsion 6 | . . 2 . . . . . . . 2 1 1 Utility 6 | . . 1 . . . 1 . . 2 1 . 1 Weapon 1 | . . 1 . . . . . . . . . . Highest Loss Streak 4 | . . 1 . . . 1 . . 1 3 1 4 To Critical Strikes . | . . . . . . . . . . . . . Average Slot Usage (%) 70 | . 98 96 80 85 73 72 74 85 59 31 28 60 Engine 2 | . 14 6 . . . . . 3 . . . 9 Core 4 | . . 7 14 14 11 5 . 2 3 . . . Leg 6 | . . 15 28 28 26 . . . . . . 4 Wheel 1 | . 28 9 . . . . . . . . . . Hover 1 | . . . . . . . . . . . . 9 Flight 12 | . . . . . . 25 30 32 18 5 4 . Device 15 | . 12 13 6 14 9 11 25 19 15 11 10 15 Storage 4 | . 10 . 1 14 9 9 8 6 4 . . . Processor 8 | . 4 14 12 . . 9 2 13 11 11 11 11 Energy Gun 3 | . 14 2 11 14 9 . 1 . . . . 6 Ballistic Gun 3 | . 14 25 5 . . . . . . . . . Impact Weapon 2 | . . . . . . 8 3 . 1 . . . Peak Build Rating 73 | 6 7 12 25 26 47 47 52 59 62 42 37 73 Average Rating 32 | 4 6 9 20 25 43 28 37 51 44 28 23 49 On Entrance 24 | . 6 7 12 25 26 47 23 41 56 22 26 21 Naked Turns . | . . . . . . . . . . . . . Heaviest Build 46 | 14 15 12 24 19 46 46 18 29 21 19 14 33 Greatest Support 80 | 20 26 26 20 20 54 54 20 26 26 13 4 80 Greatest Overweight (x) 9 | . . 3 1 . . 9 4 1 1 2 3 1 Average Overweight (x) . | . . . . . . . 1 . . . . . Largest Inventory Capacity 10 | 8 8 5 10 8 8 8 8 5 5 5 5 5 Average Capacity 5 | 6 7 5 5 8 8 7 5 5 5 5 5 5 Most Carried 8 | 4 6 5 5 7 8 8 8 5 5 5 5 5 Average Carried 5 | 1 5 4 3 6 7 7 5 4 4 4 4 4 Final Capacity 8 | 8 5 5 8 8 8 8 5 5 5 5 5 5 Final Carried 8 | 4 5 5 4 7 8 8 5 5 5 4 5 5 Class Distribution -------------------- 42% | Mutant 19% | Scavenger-Mutant 13% | Sprinter 10% | Scout 5% | Assassin 4% | Skirmisher 3% | Ninja Dominant Class ---------------- Mutant | -10/Materials Scavenger-Mutant | -10/Mines Scavenger-Mutant | -10/Exiles Scavenger-Mutant | -9/Mines Mutant | -8/Materials Sprinter | -8/Storage Mutant | -7/Factory Scout | -6/Factory Scout | -5/Factory Mutant | -5/Upper Caves Mutant | -5/Upper Caves Mutant | -5/Warlord Resources | -11 -10 -10 -10 -9 -8 -8 -7 -6 -5 -5 -5 -5 ----------- Run | Yrd Mat Min Exi Min Mat Sto Fac Fac Fac Upp Upp War Matter Collected 1783 | 200 98 175 . 50 . 470 246 . 24 170 211 139 Remotely . | . . . . . . . . . . . . . Salvage Created 967 | . 152 199 . 50 . 110 295 . . . 161 . Parts 59 | . 11 13 . 2 . 2 22 . . . 9 . Haulers Intercepted . | . . . . . . . . . . . . . Recyclers Shooed . | . . . . . . . . . . . . . Parts Field Recycled . | . . . . . . . . . . . . . Retrieved Matter . | . . . . . . . . . . . . . Parts Self-Destructed 7 | . . . . . . . . . . . 7 . Prevented . | . . . . . . . . . . . . . Kills | -11 -10 -10 -10 -9 -8 -8 -7 -6 -5 -5 -5 -5 ------- Run | Yrd Mat Min Exi Min Mat Sto Fac Fac Fac Upp Upp War Combat Hostiles Destroyed 24 | . 3 4 . 3 . 4 5 . . . 5 . Melee 2 | . . . . . . 2 . . . . . . Guns 19 | . 3 4 . 3 . . 4 . . . 5 . AOE 2 | . . . . . . 1 1 . . . . . Classes Destroyed 7 | . 2 1 . 1 . 2 1 . . . . . Worker 1 | . . . . . . 1 . . . . . . Watcher 3 | . 1 . . . . . 2 . . . . . Swarmer 7 | . . . . 3 . . . . . . 4 . Grunt 8 | . 3 3 . . . . 1 . . . 1 . Sentry 4 | . . 1 . . . 2 1 . . . . . Programmer 3 | . . . . . . . 3 . . . . . Assembled 2 | . . . . . . 2 . . . . . . Best Kill Streak 4 | . 2 2 . 2 . 2 3 . . . 4 . Combat Bots Only 4 | . 2 2 . 2 . 2 2 . . . 4 . Max Kills in Single Turn 1 | . 1 1 . 1 . 1 1 . . . 1 . Gunslinging . | . . . . . . . . . . . . . Exploded 1 | . . . . . . 1 1 . . . . . Melee 1 | . . . . . . 1 . . . . . . Uniques/NPCs Destroyed . | . . . . . . . . . . . . . Combat | -11 -10 -10 -10 -9 -8 -8 -7 -6 -5 -5 -5 -5 -------- Run | Yrd Mat Min Exi Min Mat Sto Fac Fac Fac Upp Upp War Hostile Shots Fired 292 | . 11 44 . 12 . 25 20 . 51 30 33 66 Missed 120 | . 1 16 . 2 . 12 8 . 20 17 10 34 Damage Taken 3009 | . 128 372 . 81 . 298 434 . 657 217 229 593 Core 1361 | . 34 37 . 17 . 61 208 . 576 59 161 208 Absorbed by Shields 21 | . . . . . . 21 . . . . . . Ignored by Resistances 21 | . . . . . . . . . . 21 . . Core Remaining (%) 84 | 100 . . . 64 . 88 70 100 . . . . Volleys Fired 43 | . 12 21 . . . 6 2 . . . . 2 Largest 2 | . 2 2 . . . 1 1 . . . . 1 Hottest 60 | . 60 60 . . . 33 5 . . . . 40 Shots Fired 119 | . 24 39 . 12 . 6 27 . . . 9 2 Gun 111 | . 24 39 . 12 . . 25 . . . 9 2 Cannon . | . . . . . . . . . . . . . Launcher 6 | . . . . . . 6 . . . . . . Special 2 | . . . . . . . 2 . . . . . Kinetic 46 | . 12 34 . . . . . . . . . . Thermal 46 | . . . . 12 . . 25 . . . 9 . Explosive 6 | . . . . . . 6 . . . . . . Electromagnetic 17 | . 12 5 . . . . . . . . . . Entropic 2 | . . . . . . . . . . . . 2 Robot Hit Streak 9 | . 3 9 . 8 . 9 6 . . . 3 . Robot Miss Streak 5 | . 3 5 . 1 . 1 2 . . . 2 2 Penetration Max . | . . . . . . . . . . . . . Secondary Targets 1 | . . 1 . . . . . . . . . . Max Gunslinging Chain 1 | . . 1 . . . . . . . . . . Autonomous 46 | . . . . 12 . . 25 . . . 9 . Shots Hit Robots 85 | . 14 26 . 11 . 10 18 . 1 . 5 . Core Hits 39 | . 8 12 . 3 . 3 7 . 1 . 5 . Critical Kills . | . . . . . . . . . . . . . Critical Parts Destroyed 2 | . . 1 . . . 1 . . . . . . Critical Strikes 3 | . 1 1 . . . 1 . . . . . . Destroy 1 | . . 1 . . . . . . . . . . Corrupt 1 | . 1 . . . . . . . . . . . Smash 1 | . . . . . . 1 . . . . . . Melee Attacks 55 | . . . . . . 48 . . 7 . . . Impact 55 | . . . . . . 48 . . 7 . . . Slashing . | . . . . . . . . . . . . . Piercing . | . . . . . . . . . . . . . Sneak Attacks 2 | . . . . . . 2 . . . . . . Combat Hostiles 1 | . . . . . . 1 . . . . . . Follow-up Attacks . | . . . . . . . . . . . . . Damage Inflicted 2144 | . 187 314 . 292 . 460 670 . 71 . 150 . Guns 1452 | . 187 305 . 292 . . 518 . . . 150 . Cannons . | . . . . . . . . . . . . . Explosions 287 | . . . . . . 135 152 . . . . . Melee 393 | . . . . . . 325 . . 68 . . . Ramming 12 | . . 9 . . . . . . 3 . . . Kinetic 360 | . 77 283 . . . . . . . . . . Thermal 1112 | . . . . 292 . . 670 . . . 150 . Explosive 135 | . . . . . . 135 . . . . . . Electromagnetic 132 | . 110 22 . . . . . . . . . . Impact 393 | . . . . . . 325 . . 68 . . . Slashing . | . . . . . . . . . . . . . Piercing . | . . . . . . . . . . . . . Highest Corruption 9 | . . . . . . 5 8 . 9 9 9 9 Average Corruption 5 | . . . . . . 5 4 . 2 9 9 9 Corruption Purged . | . . . . . . . . . . . . . Corruption Blocked . | . . . . . . . . . . . . . Effects 85 | . . . . . . 16 23 . 12 10 17 7 Message Errors 17 | . . . . . . 1 5 . 2 3 5 1 Matter Fused 24 | . . . . . . 6 8 . 4 1 4 1 Heat Flow Errors 11 | . . . . . . 1 2 . 1 2 4 1 Energy Discharges 15 | . . . . . . 2 4 . 4 3 1 1 Parts Fused 3 | . . . . . . . 2 . 1 . . . Data Loss (minor) 8 | . . . . . . 3 1 . . . 3 1 Data Loss (major) 4 | . . . . . . 2 . . . 1 . 1 Alerts 3 | . . . . . . 1 1 . . . . 1 Overload Shots . | . . . . . . . . . . . . . Overflow Damage 155 | . . . . . . 154 1 . . . . . Projectiles . | . . . . . . . . . . . . . Explosions 1 | . . . . . . . 1 . . . . . Melee 154 | . . . . . . 154 . . . . . . Knockbacks 3 | . . . . . . 2 . . 1 . . . Impact 3 | . . . . . . 2 . . 1 . . . Kinetic . | . . . . . . . . . . . . . Secondary . | . . . . . . . . . . . . . Self-Inflicted Damage 208 | . . 2 . . . 48 157 . 1 . . . Shots 3 | . . . . . . 1 2 . . . . . Rammed 4 | . . 1 . . . . . . 3 . . . Targets Rammed 5 | . . 2 . . . . . . 3 . . . Kicked 1 | . . 1 . . . . . . . . . . Crushed . | . . . . . . . . . . . . . Highest Temperature 209 | . 72 72 . . . 209 95 . 144 154 207 74 Average Temperature 52 | . 32 26 . . . 111 64 . 90 74 92 54 Received Heat Transfer 487 | . 108 183 . . . 60 . . 118 . 9 9 Siege Activations . | . . . . . . . . . . . . . Robots Corrupted 2 | . . . . . . 2 . . . . . . Combat Hostiles 1 | . . . . . . 1 . . . . . . Parts Fried 2 | . . . . . . 2 . . . . . . Impact Corruptions 5 | . . . . . . 5 . . . . . . Robots Melted . | . . . . . . . . . . . . . Combat Hostiles . | . . . . . . . . . . . . . Parts Melted 3 | . . . . . . . 2 . . . 1 . Heat Transferred 1247 | . . . . 370 . . 692 . . . 185 . Parts Sabotaged . | . . . . . . . . . . . . . Parts Stolen . | . . . . . . . . . . . . . Parts Stripped . | . . . . . . . . . . . . . Power Chain Reactions . | . . . . . . . . . . . . . Alert | -11 -10 -10 -10 -9 -8 -8 -7 -6 -5 -5 -5 -5 ------- Run | Yrd Mat Min Exi Min Mat Sto Fac Fac Fac Upp Upp War Peak Influence 210 | . 163 210 . 102 . 177 142 69 85 . . . Initial 69 | . . 63 . . . . 42 69 33 . . . Average 44 | . 112 50 . 62 . 47 30 69 35 . . . Maximum Alert Level 1 | . . 1 . . . . . . . . . . Low Security (%) 98 | 100 100 93 . 100 100 100 100 100 100 . . . Level 1 1 | . . 6 . . . . . . . . . . Level 2 . | . . . . . . . . . . . . . Level 3 . | . . . . . . . . . . . . . Level 4 . | . . . . . . . . . . . . . Level 5 . | . . . . . . . . . . . . . High Security . | . . . . . . . . . . . . . Max Security . | . . . . . . . . . . . . . Squads Dispatched 11 | . 2 . . . . 3 3 . 3 . . . Investigation 1 | . . . . . . 1 . . . . . . Extermination 4 | . . . . . . . 3 . 1 . . . Reinforcement 4 | . 2 . . . . . . . 2 . . . Assault 2 | . . . . . . 2 . . . . . . Garrison . | . . . . . . . . . . . . . Intercept . | . . . . . . . . . . . . . Searches Triggered . | . . . . . . . . . . . . . Construction Impeded . | . . . . . . . . . . . . . Haulers Reinforced . | . . . . . . . . . . . . . Active Scanning Responses . | . . . . . . . . . . . . . Cargo Convoy Interrupts . | . . . . . . . . . . . . . Stealth | -11 -10 -10 -10 -9 -8 -8 -7 -6 -5 -5 -5 -5 --------- Run | Yrd Mat Min Exi Min Mat Sto Fac Fac Fac Upp Upp War Distress Signals 8 | . 2 . . . . 4 1 . 1 . . . Communications Jammed . | . . . . . . . . . . . . . Distress Signals . | . . . . . . . . . . . . . Times Spotted 108 | . 6 13 . 4 . 22 8 . 22 11 6 16 Peak Tracking Total 13 | . 4 3 . 3 1 9 2 . 13 6 4 8 Tactical Retreats 19 | . 2 3 . 1 . 7 . . 3 3 . . Traps | -11 -10 -10 -10 -9 -8 -8 -7 -6 -5 -5 -5 -5 ------- Run | Yrd Mat Min Exi Min Mat Sto Fac Fac Fac Upp Upp War Traps Triggered 10 | . . . . . . 4 2 . 4 . . . Indirectly . | . . . . . . . . . . . . . Trap Hack Attempts . | . . . . . . . . . . . . . Triggered . | . . . . . . . . . . . . . Disarmed . | . . . . . . . . . . . . . Reprogrammed . | . . . . . . . . . . . . . Reused . | . . . . . . . . . . . . . Traps Extracted . | . . . . . . . . . . . . . Installed . | . . . . . . . . . . . . . Triggered 14 | . . . . . . . . . . . 1 13 Machines | -11 -10 -10 -10 -9 -8 -8 -7 -6 -5 -5 -5 -5 ---------- Run | Yrd Mat Min Exi Min Mat Sto Fac Fac Fac Upp Upp War Machines Disabled 7 | . 1 . . . . 3 2 . . . . 1 Max in Single Turn 2 | . 1 . . . . 1 2 . . . . 1 Machines Repaired . | . . . . . . . . . . . . . Machines Dismantled . | . . . . . . . . . . . . . Machines Sabotaged . | . . . . . . . . . . . . . Overloaded Fab Kills . | . . . . . . . . . . . . . Hacking | -11 -10 -10 -10 -9 -8 -8 -7 -6 -5 -5 -5 -5 --------- Run | Yrd Mat Min Exi Min Mat Sto Fac Fac Fac Upp Upp War Machines Accessed 12 | . . . 1 . . 5 1 . . . 1 4 Terminals 7 | . . . . . . 5 1 . . . 1 . Fabricators . | . . . . . . . . . . . . . Repair Stations . | . . . . . . . . . . . . . Recycling Units . | . . . . . . . . . . . . . Scanalyzers . | . . . . . . . . . . . . . Garrison Access . | . . . . . . . . . . . . . Total Hacks 24 | . . . 1 . . 12 2 . . . 1 8 Successful 21 | . . . 1 . . 11 . . . . 1 8 Failed 3 | . . . . . . 1 2 . . . . . Catastrophic 2 | . . . . . . 1 1 . . . . . Database Lockouts . | . . . . . . . . . . . . . Manual 9 | . . . 1 . . 2 3 . . . . 3 Terminals 15 | . . . . . . 12 2 . . . 1 . Fabricators . | . . . . . . . . . . . . . Repair Stations . | . . . . . . . . . . . . . Recycling Units . | . . . . . . . . . . . . . Scanalyzers . | . . . . . . . . . . . . . Garrison Access . | . . . . . . . . . . . . . Terminal Hacks 21 | . . . 1 . . 11 . . . . 1 8 Record 16 | . . . . . . 9 . . . . 1 6 Open Door 4 | . . . . . . 2 . . . . . 2 Derelict Proto ID Bank 1 | . . . 1 . . . . . . . . . Fabricator Hacks . | . . . . . . . . . . . . . Repair Station Hacks . | . . . . . . . . . . . . . Recycling Unit Hacks . | . . . . . . . . . . . . . Scanalyzer . | . . . . . . . . . . . . . Garrison Access Hacks . | . . . . . . . . . . . . . Unauthorized Hacks . | . . . . . . . . . . . . . Terminals . | . . . . . . . . . . . . . Fabricators . | . . . . . . . . . . . . . Repair Stations . | . . . . . . . . . . . . . Recycling Units . | . . . . . . . . . . . . . Scanalyzers . | . . . . . . . . . . . . . Garrison Access . | . . . . . . . . . . . . . Data Cores Recovered . | . . . . . . . . . . . . . Used . | . . . . . . . . . . . . . Hacking Detections 5 | . . . . . . 4 1 . . . . . Full Trace Events 1 | . . . . . . 1 . . . . . . Feedback Events . | . . . . . . . . . . . . . Feedback Blocked . | . . . . . . . . . . . . . Robot Schematics Acquired . | . . . . . . . . . . . . . Robots Built . | . . . . . . . . . . . . . Authchips . | . . . . . . . . . . . . . Time . | . . . . . . . . . . . . . Total Robot Build Rating . | . . . . . . . . . . . . . Part Schematics Acquired . | . . . . . . . . . . . . . Parts Built . | . . . . . . . . . . . . . Authchips . | . . . . . . . . . . . . . Time . | . . . . . . . . . . . . . Total Part Build Rating . | . . . . . . . . . . . . . Parts Repaired . | . . . . . . . . . . . . . Time . | . . . . . . . . . . . . . Parts Recycled . | . . . . . . . . . . . . . Recycled Matter . | . . . . . . . . . . . . . Retrieved Matter . | . . . . . . . . . . . . . Retrieved Components . | . . . . . . . . . . . . . Parts Scanalyzed . | . . . . . . . . . . . . . Part Schematics Acquired . | . . . . . . . . . . . . . Parts Damaged . | . . . . . . . . . . . . . Bothacking | -11 -10 -10 -10 -9 -8 -8 -7 -6 -5 -5 -5 -5 ------------ Run | Yrd Mat Min Exi Min Mat Sto Fac Fac Fac Upp Upp War Used RIF Installer . | . . . . . . . . . . . . . Robots Hacked 1 | . . . . . . . 1 . . . . . Non-combat 1 | . . . . . . . 1 . . . . . Combat . | . . . . . . . . . . . . . Robot Hacks Applied 1 | . . . . . . . 1 . . . . . find_recycling 1 | . . . . . . . 1 . . . . . Relay Couplers Released . | . . . . . . . . . . . . . Fabnet Peak Effective % . | . . . . . . . . . . . . . Robots Rewired . | . . . . . . . . . . . . . Allies Hacked . | . . . . . . . . . . . . . Hacks Repelled . | . . . . . . . . . . . . . Allies | -11 -10 -10 -10 -9 -8 -8 -7 -6 -5 -5 -5 -5 -------- Run | Yrd Mat Min Exi Min Mat Sto Fac Fac Fac Upp Upp War Total Allies 5 | . . 3 . . . 2 . . . . . . Largest Group 3 | . . 3 . . . 2 . . . . . . Highest-Rated Group 62 | . . 40 . . . 62 . . . . . . Highest-Rated Ally 31 | . . 16 . . . 31 . . . . . . Total Orders . | . . . . . . . . . . . . . Ally Attacks 47 | . . 37 . . . 10 . . . . . . Total Damage 515 | . . 349 . . . 166 . . . . . . Kills 7 | . . 7 . . . . . . . . . . Allies Corrupted . | . . . . . . . . . . . . . Allies Melted 1 | . . . . . . . . . . . . 1 Intel | -11 -10 -10 -10 -9 -8 -8 -7 -6 -5 -5 -5 -5 ------- Run | Yrd Mat Min Exi Min Mat Sto Fac Fac Fac Upp Upp War Robot Analysis Total . | . . . . . . . . . . . . . Derelict Logs Recovered 7 | . . . . 3 . . . . . 2 2 . Drone Launches 12 | . . . . . . 2 . . . 5 3 2 Drone Recoveries 5 | . . . . . . . . . . 3 2 . Exploration | -11 -10 -10 -10 -9 -8 -8 -7 -6 -5 -5 -5 -5 ------------- Run | Yrd Mat Min Exi Min Mat Sto Fac Fac Fac Upp Upp War Turns Passed 10625 | 45 209 1340 723 620 212 1605 1906 196 980 289 661 1839 Spaces Moved 9214 | 41 149 633 351 483 147 2153 1046 623 1099 466 866 1157 Core 1247 | 1 . 2 . . . . 486 . 579 2 69 108 Treads . | . . . . . . . . . . . . . Legs 2216 | . . 144 351 483 147 43 . 6 . . . 1042 Wheels 676 | 40 149 487 . . . . . . . . . . Hover 12 | . . . . . . 5 . . . . . 7 Flight 5063 | . . . . . . 2105 560 617 520 464 797 . Fastest Speed 23 | 50 80 90 120 120 120 29 26 23 23 37 35 76 Average Speed 71 | 79 86 98 123 120 120 31 116 26 38 53 42 132 Slowest Speed 665 | 80 90 200 190 120 120 665 250 190 100 205 275 190 Overloaded Moves 1 | . . . . . . . . . 1 . . . Propulsion Burnouts . | . . . . . . . . . . . . . Robots Hopped 28 | . . . . . . 21 . 1 6 . . . Cave-ins Triggered 2 | . . . . . . 2 . . . . . . Exploration Rate (%) 53 | 4 41 84 62 97 12 88 18 13 32 69 78 93 Regions Visited 12 Branch Regions 7 Pre-discovered Areas 1 | . . . . . . . . . . 1 . . Known Exits Taken 6 | . 1 1 . . . . 1 1 1 1 . . Unknown Exits Taken 6 | 1 . . 1 1 1 1 . . . . 1 . Scrap Searched 6 | . . 1 . 3 . . . . . 2 . . Spaces Dug 33 | . . . . . . 28 . . 5 . . . Terrain Destroyed 114 | . . . . 2 . 70 34 . 5 . 2 1 Melee 33 | . . . . . . 28 . . 5 . . . Projectile 11 | . . . . 2 . . 6 . . . 2 1 AOE 70 | . . . . . . 42 28 . . . . . Terrain Rammed . | . . . . . . . . . . . . . Walls Destroyed . | . . . . . . . . . . . . . Machines Disabled . | . . . . . . . . . . . . . Actions | -11 -10 -10 -10 -9 -8 -8 -7 -6 -5 -5 -5 -5 --------- Run | Yrd Mat Min Exi Min Mat Sto Fac Fac Fac Upp Upp War Total 13031 | 50 204 1315 641 524 183 2972 1729 650 1636 503 1161 1463 Wait 3477 | . 36 647 279 37 23 700 632 2 524 31 283 283 Move 9147 | 40 148 632 350 482 146 2110 1045 620 1087 465 865 1157 Hop 26 | . . . . . . 20 . 1 5 . . . Pick Up 42 | 4 2 . 1 4 3 12 7 2 2 1 2 2 Fast Attach 67 | 6 1 3 2 . 3 19 9 8 3 3 2 8 Attach 14 | . . 1 . . . 2 4 1 . 2 3 1 Detach 16 | . . . 2 . . 5 3 2 . . 3 1 Swap 49 | . 3 5 2 . 3 14 12 6 2 . . 2 Drop 84 | . 2 4 5 1 5 33 15 8 3 1 3 4 Fire 43 | . 12 21 . . . 6 2 . . . . 2 Melee 55 | . . . . . . 48 . . 7 . . . Ram 4 | . . 1 . . . . . . 3 . . . Kick 1 | . . 1 . . . . . . . . . . Crush . | . . . . . . . . . . . . . Escape Stasis 3 | . . . . . . 3 . . . . . . Rewire 3 | . . . . . . . . . . . . 3 Trap . | . . . . . . . . . . . . . Miscellaneous . | . . . . . . . . . . . . . Route ------- -11/Scrapyard -10/Materials -10/Mines (discovered 2 exits: [*Mat] / *Exi) -10/Exiles -9/Mines (discovered 2 exits: [*Mat x2]) -8/Materials -8/Storage -7/Factory (discovered 2 exits: *Fac / *Low) -6/Factory (discovered 2 exits: *Fac / *Low) -5/Factory (discovered 2 exits: [*Fac] / *Upp) -5/Upper Caves -5/Upper Caves -5/Warlord (discovered 1 exit: [*Pro]) History --------- Turn | Location | Event 15 | -11/Scrapyard | Discovered new exit (range 16) 46 | -11/Scrapyard | Entered Materials 213 | -10/Materials | Discovered new exit (range 8) 254 | -10/Materials | Identified exit to Mines 255 | -10/Materials | Entered Mines 280 | -10/Mines | Assisted by bots powering up and referring to "LRC-V3" 308 | -10/Mines | Build established: Mutant 516 | -10/Mines | Assembled infested the area 521 | -10/Mines | Assisted by a Guerilla fighting off Assembled 897 | -10/Mines | Discovered new exit (range 4) 1156 | -10/Mines | Build established: Scavenger-Mutant 1589 | -10/Mines | Deemed a non-threat by the Exiles lab entrance 1590 | -10/Mines | Discovered new exit (range 5) 1594 | -10/Mines | Identified exit to Exiles 1595 | -10/Mines | Entered Exiles 1625 | -10/Exiles | Met 8R-AWN 1646 | -10/Exiles | Met EX-HEX 1679 | -10/Exiles | Met EX-BIN 1694 | -10/Exiles | Aligned with FarCom system 1695 | -10/Exiles | Given EX-Vault access code 1726 | -10/Exiles | Opened EX-Vault 1744 | -10/Exiles | Found AWS/Thermal 2008 | -10/Exiles | Warned to stay clear of 0b10 Research branches 2199 | -10/Exiles | Met EX-DEC 2307 | -10/Exiles | Discovered new exit (range 10) 2318 | -10/Exiles | Left Exiles lab with AWS/Thermal 2318 | -10/Exiles | Entered Mines 2318 | -9/Mines | Discovered new exit (range 8) 2374 | -9/Mines | Received a Rocket Launcher from a helpful Derelict 2436 | -9/Mines | Learned Materials emergency access door positions 2556 | -9/Mines | Learned Materials emergency access door positions 2644 | -9/Mines | Learned Materials terminal intel 2712 | -9/Mines | Discovered new exit (range 6) 2938 | -9/Mines | Entered Materials 2938 | -8/Materials | Evolved 4 slots: Power x1, Propulsion x1, Utility x2 2940 | -8/Materials | Loaded intel: 12 terminal locations 3046 | -8/Materials | Discovered new exit (range 6) 3150 | -8/Materials | Entered Storage 3347 | -8/Storage | Assembled infested ambush trap array 3506 | -8/Storage | Build established: Sprinter 3539 | -8/Storage | Crushed by falling debris 3696 | -8/Storage | Met a pair of Derelict thieves 4134 | -8/Storage | Crushed by falling debris 4737 | -8/Storage | Discovered new exit (range 16) 4755 | -8/Storage | Entered Factory 4755 | -7/Factory | Evolved 2 slots: Propulsion x1, Utility x1 5497 | -7/Factory | Build established: Assassin 6017 | -7/Factory | Build established: Mutant 6383 | -7/Factory | Build established: Skirmisher 6519 | -7/Factory | Discovered new exit (range 8) 6541 | -7/Factory | Identified exit to Factory 6621 | -7/Factory | Discovered new exit (range 5) 6622 | -7/Factory | Identified exit to Lower Caves 6661 | -7/Factory | Entered another Factory area 6661 | -6/Factory | Evolved 2 slots: Propulsion x1, Utility x1 6697 | -6/Factory | Discovered new exit (range 11) 6699 | -6/Factory | Identified exit to Lower Caves 6828 | -6/Factory | Build established: Scout 6853 | -6/Factory | Discovered new exit (range 13) 6857 | -6/Factory | Identified exit to Factory 6857 | -6/Factory | Entered another Factory area 6857 | -5/Factory | Evolved 2 slots: Propulsion x1, Utility x1 7389 | -5/Factory | Build established: Ninja 7746 | -5/Factory | Discovered new exit (range 17) 7812 | -5/Factory | Core integrity fell below 50% 7830 | -5/Factory | Discovered new exit (range 2) 7830 | -5/Factory | Identified exit to Upper Caves 7837 | -5/Factory | Entered Upper Caves 7920 | -5/Upper Caves | Attracted the attention of an 0b10 checkpoint 8033 | -5/Upper Caves | Identified exit to Upper Caves 8034 | -5/Upper Caves | Learned location of Armory (-4) 8069 | -5/Upper Caves | Build established: Mutant 8126 | -5/Upper Caves | Entered another Upper Caves area 8156 | -5/Upper Caves | Lost 3 parts (2n1u) 8209 | -5/Upper Caves | Learned Factory terminal intel 8226 | -5/Upper Caves | Learned Factory trap positions 8252 | -5/Upper Caves | Spotted B-75 Beast 8683 | -5/Upper Caves | Discovered new exit (range 15) 8787 | -5/Upper Caves | Entered Warlord 9026 | -5/Warlord | System corruption cleaned by Quarantine Array 9623 | -5/Warlord | Opened side exit 9888 | -5/Warlord | Warlord's base attacked by MAIN.C 9986 | -5/Warlord | Found Prototype Energy Gun 9986 | -5/Warlord | Identified Vortex Shotgun 9991 | -5/Warlord | Found Prototype Energy Gun 9991 | -5/Warlord | Identified Vortex Rifle 10015 | -5/Warlord | Found Prototype Launcher 10015 | -5/Warlord | Identified Vortex Catalyst Activator 10022 | -5/Warlord | Found Vortex Rifle 10031 | -5/Warlord | Found Vortex Shotgun 10161 | -5/Warlord | Met Warlord 10238 | -5/Warlord | Warlord forces counterattacked 10452 | -5/Warlord | Spotted Executioner 10453 | -5/Warlord | Spotted Striker 10454 | -5/Warlord | Core integrity fell below 20% 10492 | -5/Warlord | Lost 4 allies 10563 | -5/Warlord | Warlord base infiltrated, sounded retreat 10615 | -5/Warlord | Spotted Executioner 10620 | -5/Warlord | Discovered new exit (range 18) 10626 | -5/Warlord | Destroyed by H-66 Slayer with Gauss Rifle Last Messages --------------- 10588_ ANNOUNCEMENT: Detected 1 Melee squad, 1 Grunt squad, 1 Hunter squad, 1 Programmer squad, with prototype support. 10593_ Acquired Carbon-fiber Leg. 10607_ Acquired Flexi-carbon Leg. 10610_ Acquired 20 matter. 10613_ Acquired Unknown Storage. 10613_ Identified Energy Well. 10615_ Acquired 2 matter. 10615_ Slug penetrates Wall. 10615_ Penetrated by Slug. 10616_ Mapping Drone Bay destroyed. 10617_ Penetrated by Slug. 10617_ Acquired Flexi-carbon Leg. 10618_ Backup Propulsion III destroyed. 10619_ Acquired 8 matter. 10620_ EXIT=FOUND 10621_ Slug penetrates Wall. 10621_ Backup Power III destroyed. 10626_ Slug penetrates Wall. Map ----- +----------------------------------------------------+ | ##########?????????????????????????? | | ####???##??????????????????????????? | | #?#?######?????????????????????????? | | ##?#??######???????????????????????? | | ###?########???????????????????????? | | #########??????????????????????????? | | ####?#?##??????????????????????????? | | #?##?####??????????????????????????? | | #######?##?#???????????????????????? | | ###?###????????????????????????????? | | ##??##??#??????????????????????????? | | #####?##?#?????????????????????#???? | | ####????#?## ????????????????? ???? | | ##?###?#???? ???????????????